AoeStats
← lbaquino21

Migration

510140673Analyzed
1v1 RM · 1d ago on Sep 29, 2026· 68m 19s· 2 players
Game mode
Random Map
Map size
132×132
Population
200
Speed
Normal
Resources
Standard
Victory
Conquest
Starting age
Dark Age
Ending age
Imperial Age
RankedLock teamsTeams togetherTeam positionsShared explorationLock speedFull tech treeHidden civsTurbo modeCheats
Victory
Defeat
🇵🇪 Vikings · Peru
342
+20
🇧🇷 Teutons · Brazil
424
-20
Natilla223
10:15 Loom
12:01 Feudal Age
12:59 Fishing Lines
13:37 Double-Bit Axe
22:48 Castle Age
23:45 Arson
24:00 Squires
23:21 Pikeman
24:36 Stone Mining
24:47 Treadmill Crane
25:16 Gold Mining
27:29 Gillnets
28:35 Bow Saw
37:32 Fletching
37:53 Forging
37:44 Scale Mail Armor
47:41 Imperial Age
45:20 Bodkin Arrow
46:01 Iron Casting
45:42 Chain Mail Armor
45:28 Padded Archer Armor
46:07 Gold Shaft Mining
46:10 Medium Warships
50:09 Elite Berserk
51:11 Bracer
52:12 Blast Furnace
51:43 Plate Mail Armor
54:18 Chemistry
53:39 Ballistics
53:28 Siphons
61:09 Elite Longship
62:16 Heavy Warships
63:51 Bogsveigar
65:20 Elite Varangian Guard
lbaquino21
11:44 Loom
14:27 Feudal Age
15:47 Wheelbarrow
14:56 Horse Collar
15:04 Double-Bit Axe
18:14 Fishing Lines
25:04 Castle Age
28:29 Gillnets
28:04 Demolition Ship
28:55 Medium Warships
32:58 Clinker Construction
32:59 Careening
32:56 Siphons
37:36 Hand Cart
44:38 Ironclad
45:05 Ballistics
44:57 Masonry
50:33 Imperial Age
51:45 Onager
57:09 Heavy Demolition Ship
58:15 Heavy Warships
63:04 Cavalier
63:10 Elite Teutonic Knight
64:11 Crenellations
63:22 Sappers
64:29 Hoardings
64:15 Conscription
Connection lost

Rejoining the realm…

Still unreachable

The connection could not be restored.

Session expired

The server has moved on; the page needs a fresh start.